General information
- name: BNet
- type: Ladder 1vs1/FFA
- host: Battle.net
- saver: 7.36
map: CentaurGrove
- players: 2
- length: 14:58
- speed: Fast
- version: 1.25 W3XP
- replay type: Public
» download(40 KB)
Players
team 1 (winner)
7.36 (
teal | 66 APM | 993 actions | 14:58)
3 Archmage
1 Blizzard
2 Brilliance Aura
2 Blood Mage
1 Flame Strike
1 Banish
» actions
| Assign group hotkey | 17 | |
| Basic commands | 41 | |
| Build / train | 80 | |
| ESC pressed | 2 | |
| Enter build submenu | 29 | |
| Enter hero's abilities submenu | 5 | |
| Give item / drop item | 5 | |
| Remove unit from queue | 1 | |
| Right click | 399 | |
| Select / deselect | 178 | |
| Select group hotkey | 146 | |
| Use ability | 90 | |
993 total
» units
| Peasant | 20 | |
| Gryphon Rider | 2 | |
| Dragonhawk Rider | 1 | |
23 total
» upgrades
| Masonry | 1 | |
| Gunpowder | 1 | |
| Armor | 2 | |
| Swords | 3 | |
| Storm Hammers | 1 | |
| Cloud | 1 | |
| Sorceress Training | 1 | |
| Magic Sentry | 1 | |
| Animal War Training | 1 | |
12 total
» buildings
| Altar of Kings | 1 | |
| Farm | 6 | |
| Arcane Vault | 2 | |
| Scout Tower | 13 | |
| Lumber Mill | 1 | |
| Arcane Tower | 2 | |
| Guard Tower | 11 | |
| Town Hall | 1 | |
| Keep | 1 | |
| Blacksmith | 1 | |
| Castle | 1 | |
| Gryphon Aviary | 3 | |
| Arcane Sanctum | 1 | |
| Barracks | 1 | |
45 total
» build order
00:06 Altar of Kings
00:16 Farm
00:19 Farm
00:47 Arcane Vault
01:07 Scout Tower
01:35 Lumber Mill
01:52 Arcane Tower
02:05 Scout Tower
03:08 Guard Tower
03:09 Scout Tower
03:11 Scout Tower
03:37 Guard Tower
03:41 Guard Tower
04:14 Town Hall
04:18 Scout Tower
04:20 Scout Tower
04:26 Arcane Vault
04:29 Scout Tower
04:29 Scout Tower
04:49 Scout Tower
04:49 Scout Tower
04:58 Arcane Tower
05:03 Farm
05:39 Guard Tower
05:49 Guard Tower
05:57 Scout Tower
05:58 Scout Tower
06:02 Guard Tower
06:10 Guard Tower
06:18 Farm
06:20 Guard Tower
06:47 Keep
06:53 Guard Tower
07:13 Guard Tower
07:26 Blacksmith
07:41 Scout Tower
07:55 Farm
08:15 Guard Tower
09:33 Castle
09:37 Gryphon Aviary
09:38 Gryphon Aviary
09:46 Gryphon Aviary
09:57 Farm
11:41 Arcane Sanctum
12:11 Barracks
» items
| Mechanical Critter | 3 | |
| Scroll of Regeneration | 6 | |
| Lesser Clarity Potion | 3 | |
| Boots of Speed | 1 | |
| Staff of Teleportation | 1 | |
| Potion of Healing | 4 | |
| Scroll of Town Portal | 2 | |
| Potion of Mana | 1 | |
| Staff of Sanctuary | 1 | |
22 total
team 2 (loser)
stonedxpanda (
orange | 30 APM | 449 actions | 14:55)
4 Blademaster
2 Critical Strike
2 Wind Walk
» actions
| Assign group hotkey | 7 | |
| Basic commands | 37 | |
| Build / train | 44 | |
| Enter build submenu | 23 | |
| Enter hero's abilities submenu | 4 | |
| Give item / drop item | 7 | |
| Remove unit from queue | 2 | |
| Right click | 161 | |
| Select / deselect | 107 | |
| Select group hotkey | 32 | |
| Use ability | 25 | |
449 total
» units
| Peon | 13 | |
| Grunt | 4 | |
| Troll Headhunter/Berserker | 7 | |
| Kodo Beast | 1 | |
25 total
» upgrades
| Armor | 1 | |
| Berserker Strength | 1 | |
| Troll Regeneration | 1 | |
| Witch Doctor Training | 1 | |
| Shaman Training | 1 | |
5 total
» buildings
| Altar of Storms | 1 | |
| Barracks | 1 | |
| Orc Burrow | 5 | |
| War Mill | 1 | |
| Voodoo Lounge | 1 | |
| Stronghold | 1 | |
| Watch Tower | 8 | |
| Spirit Lodge | 1 | |
| Beastiary | 1 | |
| Great Hall | 1 | |
| Fortress | 1 | |
22 total
» build order
00:05 Altar of Storms
00:09 Barracks
00:52 Orc Burrow
01:33 Orc Burrow
02:14 War Mill
02:38 Voodoo Lounge
03:27 Orc Burrow
04:01 Stronghold
04:45 Watch Tower
05:55 Watch Tower
07:55 Orc Burrow
08:26 Watch Tower
08:36 Orc Burrow
08:49 Spirit Lodge
10:57 Watch Tower
11:01 Watch Tower
11:06 Watch Tower
11:14 Beastiary
12:00 Watch Tower
13:40 Great Hall
13:57 Watch Tower
14:13 Fortress
» items
| Circlet of Nobility | 1 | |
| Periapt of Vitality | 1 | |
| Scroll of Town Portal | 1 | |
| Potion of Healing | 2 | |
5 total
Chat log
(14:48 / All) stonedxpanda: u have a have a very pussy strategy i wish hell was real so fagets like u could go there gg sir!
(14:51 / All) 7.36: LOL